 Dungeon Crawl Stone Soup version 0.18-a0-1160-geb89fc2 (webtiles) character file.

37 st0uf the Sneak (level 3, 0/24 HPs)
             Began as an Octopode Assassin on Jan 24, 2016.
             Was a Follower of Elyvilon.
             Slain by Sigmund
             ... wielding a +2 scythe of distortion
              (3 damage)
             ... on level 2 of the Dungeon.
             The game lasted 00:03:22 (829 turns).

st0uf the Sneak (Octopode Assassin)                  Turns: 829, Time: 00:03:23

Health: 0/24       AC:  1    Str: 10    XL:     3   Next: 39%
Magic:  3/3        EV: 12    Int: 13    God:    Elyvilon [*.....]
Gold:   45         SH:  0    Dex: 14    Spells: 0 memorised, 2 levels left

rFire  . . .     SeeInvis .     a - +2 dagger
rCold  . . .     Gourm    .     (no shield)
rNeg   . . .     Faith    .     (helmet restricted)
rPois  .         Spirit   .     (no amulet)
rElec  .         Dismiss  .     (no ring)
rCorr  .         Reflect  .     (no ring)
SustAt .         Harm     .     (no ring)
MR     .....                    (no ring)
Stlth  +++++.....               (no ring)
                                (no ring)
                                (no ring)
                                (no ring)

@: not resistant to hostile enchantments, quite stealthy
A: almost no armour, amphibious, 8 rings, constrict 8, camouflage 1, gelatinous
body 1
a: Lesser Healing, Divine Protection, Renounce Religion


You were on level 2 of the Dungeon.
You worshipped Elyvilon.
Elyvilon was aware of your devotion.
You were not hungry.

You visited 1 branch of the dungeon, and saw 2 of its levels.

You collected 45 gold pieces.

Inventory:

Hand Weapons
 a - a +2 dagger (weapon)
 b - a +0 blowgun
Missiles
 c - 22 poisoned needles
 d - 2 curare-tipped needles
Scrolls
 e - a scroll of identify {unknown}
 g - a scroll of noise {unknown}
 h - a scroll of recharging {unknown}
 i - a scroll of magic mapping {unknown}
 n - 6 scrolls of remove curse {unknown}
Potions
 j - a potion of lignification {unknown}
 l - 2 potions of curing {unknown}
 q - a potion of ambrosia {unknown}
 r - a potion of beneficial mutation {unknown}
Comestibles
 f - 3 bread rations
 k - 3 fruits
 m - a royal jelly
 o - a meat ration


   Skills:
 + Level 2.1 Fighting
 + Level 2.2 Short Blades
 + Level 2.1 Throwing
 + Level 1.4 Dodging
 + Level 6.4 Stealth


You had 2 spell levels left.
You didn't know any spells.

Dungeon Overview and Level Annotations

Branches:
Dungeon (2/15)

Altars:
Elyvilon
Ru

Annotations:
D:2 Sigmund


Innate Abilities, Weirdness & Mutations

You cannot wear most types of armour.
You are amphibious.
You can wear up to eight rings at the same time.
You can use your tentacles to constrict eight enemies at once.
Your skin changes colour to match your surroundings (Stealth).
Your rubbery body absorbs attacks (AC +1).


Message History

You hit the kobold.
You kill the kobold!
Things that are here:
a hand axe; 2 stones; a kobold corpse You hit the ooze.
You squeeze the ooze!
You kill the ooze!
Sigmund the Dreaded comes into view.
He is wielding a scythe of distortion.
An ooze comes into view.
Sigmund shouts!
Sigmund hits you with a scythe of distortion!
Ouch! That really hurt!
* * * LOW HITPOINT WARNING * * *
Space bends around you.
* * * LOW HITPOINT WARNING * * *
You hit Sigmund. Your grab misses Sigmund. Your squeeze misses Sigmund.
Sigmund is lightly wounded.
Sigmund hits you with a scythe of distortion.
* * * LOW HITPOINT WARNING * * *
Space bends around you.
You die...

##.# ##.# #.# ##.#
#.# #.# #.# ##.##
#.# ....# #J# ....#
#.# ....# #@# ....#
#@# ....# #.# ....#
#.#
....############.##
..................#
....###############
#####


You could see Sigmund and an ooze.

Vanquished Creatures
  An adder (D:2)
  An ooze (D:2)
  3 giant cockroaches
  2 hobgoblins
  3 jackals
  3 kobolds
  2 bats
  A giant newt (D:2)
  4 goblins
20 creatures vanquished.

Vanquished Creatures (others)
  4 toadstools (D:1)
4 creatures vanquished.

Grand Total: 24 creatures vanquished

Notes
Turn   | Place    | Note
--------------------------------------------------------------
     0 | D:1      | st0uf the Octopode Assassin began the quest for the Orb.
     0 | D:1      | Reached XP level 1. HP: 14/14 MP: 1/1
   214 | D:1      | Reached XP level 2. HP: 16/19 MP: 2/2
   482 | D:2      | Reached skill level 6 in Stealth
   542 | D:2      | Reached XP level 3. HP: 11/24 MP: 3/3
   706 | D:2      | Found a sacrificial altar of Ru.
   723 | D:2      | Found a faded altar to an unknown god.
   732 | D:2      | Became a worshipper of Elyvilon the Healer
   732 | D:2      | Reached * piety under Elyvilon
   824 | D:2      | Noticed Sigmund
   829 | D:2      | Slain by Sigmund

Vault maps used:
D:1:      ldierk_water_garden
D:2:      lemuel_blue_sif_altar, nicolae_ru_great_annihilating_truth,
          gammafunk_temple_overflow_statue, first_bread, ecumenical_altar_1,
          uniq_sigmund

Action                   || total
-------------------------++-------
Melee: Dagger            ||    36
 Stab: Sleeping          ||     7
       Invisible         ||     1
       Paralysed         ||     1
